[ AOE2 MATCH · #513797692 ]
UnrankedArmenians vs Maya
Player's team · LOSS
Rival team · WIN
[ REPLAY ANALYSIS · EXTRACTED FROM THE RECORDED GAME ]
Feudal
12:11
Castle
—
Imperial
—
| APM avg | 37.2 |
| APM peak | 72 |
| eAPM avg | 15.8 |
| Villagers / military | 35 / 11 |
Focus
⚔️ 29.5% · 🌾 70.5%
Spearman ×8 · Militia ×3
Feudal
8:59
Castle
—
Imperial
—
| APM avg | 63.5 |
| APM peak | 99 |
| eAPM avg | 26.1 |
| Villagers / military | 35 / 15 |
Focus
⚔️ 45.8% · 🌾 54.2%
Archer ×9 · Militia ×6
Match map
Initial resources + every placement click. Lines = walls · curves = elevation contours. ◆ gold · ⬟ stone · ● berries · ✦ relic · ◌ wall gap
Your base· Open — unwalled flank
arracheur2slip2reska's base· Open — 12t gap
Smoothed initial terrain · ◌ = detected wall gap · hover for details
Inputs per minute
— AbsolutelyShrekt - - arracheur2slip2reska
Build order — AbsolutelyShrekt
78 actions detected in the replay
| 0:00 | Queue | Villager (Male) |
| 0:01 | Queue | Villager (Male) |
| 0:01 | Queue | Villager (Male) |
| 0:02 | Build | House |
| 0:03 | Build | House |
| 0:42 | Queue | Villager (Male) |
| 1:27 | Queue | Villager (Male) |
| 1:27 | Queue | Villager (Male) |
| 1:52 | Queue | Villager (Male) |
| 2:16 | Queue | Villager (Male) |
| 2:16 | Queue | Villager (Male) |
| 2:34 | Queue | Villager (Male) |
| 2:52 | Build | Barracks |
| 3:02 | Queue | Villager (Male) |
| 3:21 | Queue | Villager (Male) |
| 3:25 | Build | House |
| 3:44 | Queue | Villager (Male) |
| 3:51 | Queue | Militia |
| 4:09 | Queue | Militia |
| 4:20 | Build | House |
| 4:29 | Queue | Villager (Male) |
| 4:57 | Queue | Villager (Male) |
| 4:59 | Queue | Militia |
| 5:22 | Build | Mule Cart |
| 5:24 | Queue | Villager (Male) |
| 5:51 | Queue | Villager (Male) |
| 6:10 | Queue | Villager (Male) |
| 6:34 | Queue | Villager (Male) |
| 6:57 | Build | Mill |
| 7:01 | Queue | Villager (Male) |
| 7:04 | Queue | Villager (Male) |
| 7:05 | Research | Loom |
| 7:32 | Build | House |
| 7:51 | Build | House |
| 8:20 | Queue | Villager (Male) |
| 8:35 | Queue | Villager (Male) |
| 8:37 | Build | Farm |
| 9:04 | Queue | Villager (Male) |
| 9:08 | Build | Farm |
| 9:34 | Build | Farm |
| 9:35 | Queue | Villager (Male) |
| 10:00 | Build | Farm |
| 10:02 | Research | Feudal Age |
| 11:20 | Build | Farm |
| 11:20 | Build | Farm |
| 11:20 | Build | Farm |
| 11:21 | Build | Farm |
| 11:21 | Build | Farm |
| 11:27 | Build | Farm |
| 11:27 | Build | Farm |
| 11:27 | Build | Farm |
| 11:27 | Build | Farm |
| 11:33 | Queue | Villager (Male) |
| 11:50 | Build | Palisade Wall |
| 11:52 | Build | Palisade Wall |
| 11:53 | Build | Palisade Wall |
| 11:55 | Build | Palisade Wall |
| 12:06 | Queue | Villager (Male) |
| 12:11 | Build | Farm |
| 12:11 | Age | Feudal Age |
| 12:39 | Queue | Villager (Male) |
| 13:11 | Queue | Villager (Male) |
| 13:24 | Queue | Spearman |
| 13:24 | Queue | Spearman |
| 13:24 | Queue | Spearman |
| 13:47 | Queue | Spearman |
| 13:51 | Queue | Spearman |
| 13:52 | Queue | Villager (Male) |
| 13:53 | Queue | Villager (Male) |
| 14:11 | Build | House |
| 14:17 | Queue | Spearman |
| 14:28 | Queue | Villager (Male) |
| 15:06 | Queue | Villager (Male) |
| 15:21 | Queue | Villager (Male) |
| 15:56 | Research | Pikeman (upgrade) |
| 16:24 | Queue | Villager (Male) |
| 16:45 | Queue | Spearman ×2 |
| 16:53 | Build | Farm |
Build order — arracheur2slip2reska
93 actions detected in the replay
| 0:01 | Research | Loom |
| 0:03 | Build | House |
| 0:05 | Build | House |
| 0:09 | Queue | Villager (Male) |
| 0:09 | Queue | Villager (Male) |
| 0:10 | Queue | Villager (Male) |
| 1:19 | Queue | Villager (Male) |
| 1:44 | Queue | Villager (Male) |
| 1:48 | Build | Lumber Camp |
| 2:04 | Queue | Villager (Male) |
| 2:40 | Queue | Villager (Male) |
| 2:41 | Queue | Villager (Male) |
| 2:41 | Queue | Villager (Male) |
| 2:59 | Queue | Villager (Male) |
| 3:24 | Build | House |
| 3:33 | Queue | Villager (Male) |
| 4:11 | Queue | Villager (Male) |
| 4:15 | Queue | Villager (Male) |
| 4:49 | Queue | Villager (Male) |
| 4:56 | Queue | Villager (Male) |
| 4:56 | Queue | Villager (Male) |
| 4:56 | Queue | Villager (Male) |
| 5:08 | Build | Barracks |
| 5:37 | Build | Palisade Wall |
| 5:38 | Build | Palisade Wall |
| 5:41 | Build | Palisade Wall |
| 5:42 | Build | Palisade Wall |
| 6:49 | Research | Feudal Age |
| 7:04 | Build | Mining Camp |
| 7:20 | Queue | Militia |
| 7:20 | Queue | Militia |
| 7:21 | Queue | Villager (Male) |
| 7:31 | Build | House |
| 7:35 | Build | Palisade Wall |
| 7:38 | Build | Palisade Wall |
| 7:44 | Queue | Militia |
| 8:12 | Build | Palisade Wall |
| 8:14 | Build | Palisade Wall |
| 8:25 | Build | Mill |
| 8:38 | Queue | Villager (Male) |
| 8:59 | Age | Feudal Age |
| 9:04 | Research | Man-at-Arms (upgrade) |
| 9:09 | Queue | Villager (Male) |
| 9:35 | Queue | Villager (Male) |
| 9:53 | Build | Archery Range |
| 10:10 | Queue | Villager (Male) |
| 10:38 | Queue | Archer |
| 10:39 | Queue | Archer |
| 10:42 | Queue | Villager (Male) |
| 10:43 | Build | House |
| 11:11 | Queue | Archer |
| 11:16 | Queue | Militia |
| 11:17 | Queue | Militia |
| 11:28 | Build | Farm |
| 11:28 | Build | Farm |
| 11:29 | Build | Farm |
| 11:29 | Build | Farm |
| 11:53 | Build | House |
| 12:10 | Queue | Militia |
| 12:15 | Build | Farm |
| 12:19 | Build | Farm |
| 12:36 | Queue | Villager (Male) |
| 12:47 | Build | Farm |
| 12:50 | Build | House |
| 13:03 | Queue | Villager (Male) |
| 13:07 | Build | Farm |
| 13:30 | Queue | Villager (Male) |
| 13:34 | Build | Farm |
| 13:48 | Queue | Archer |
| 13:51 | Build | Blacksmith |
| 13:52 | Build | Palisade Wall |
| 13:59 | Queue | Archer |
| 13:59 | Queue | Villager (Male) |
| 14:01 | Queue | Villager (Male) |
| 14:01 | Queue | Villager (Male) |
| 14:37 | Queue | Villager (Male) |
| 14:39 | Queue | Archer |
| 14:52 | Queue | Archer |
| 15:19 | Research | Fletching |
| 15:19 | Queue | Villager (Male) |
| 15:22 | Build | House |
| 15:28 | Queue | Archer |
| 15:32 | Build | Farm |
| 15:32 | Build | Farm |
| 15:33 | Build | Farm |
| 15:33 | Queue | Villager (Male) |
| 15:48 | Queue | Villager (Male) |
| 15:50 | Build | House |
| 15:54 | Queue | Archer |
| 16:07 | Queue | Villager (Male) |
| 16:10 | Build | Farm |
| 16:11 | Queue | Villager (Male) |
| 16:31 | Build | Farm |
Match timeline
| 2:52 | AbsolutelyShrekt · first_building Barracks |
| 5:08 | arracheur2slip2reska · first_building Barracks |
| 5:37 | arracheur2slip2reska · wall_segment Palisade Wall x1 |
| 5:38 | arracheur2slip2reska · wall_segment Palisade Wall x2 |
| 5:41 | arracheur2slip2reska · wall_segment Palisade Wall x1 |
| 5:42 | arracheur2slip2reska · wall_segment Palisade Wall x1 |
| 7:35 | arracheur2slip2reska · wall_segment Palisade Wall x1 |
| 7:38 | arracheur2slip2reska · wall_segment Palisade Wall x1 |
| 8:12 | arracheur2slip2reska · wall_segment Palisade Wall x1 |
| 8:14 | arracheur2slip2reska · wall_segment Palisade Wall x1 |
| 8:59 | arracheur2slip2reska · age_up feudal |
| 9:53 | arracheur2slip2reska · first_building Archery Range |
| 11:50 | AbsolutelyShrekt · wall_segment Palisade Wall x1 |
| 11:52 | AbsolutelyShrekt · wall_segment Palisade Wall x1 |
| 11:53 | AbsolutelyShrekt · wall_segment Palisade Wall x1 |
| 11:55 | AbsolutelyShrekt · wall_segment Palisade Wall x1 |
| 12:11 | AbsolutelyShrekt · age_up feudal |
| 13:52 | arracheur2slip2reska · wall_segment Palisade Wall x1 |
| 17:02 | AbsolutelyShrekt · resign |
[ AI ANALYSIS · 1 CREDIT ]
What really happened in this match?
Wolo.gg analyzes every decision: build order, eco, micro, common mistakes by bracket. Personalized analysis on WhatsApp or Discord in 30 seconds.
Civ guide
Armenians
Perfil
Jugador #20658156